 Dungeon Crawl Stone Soup version 0.20.0-7-g3b7b877 (webtiles) character file.

65 MTVSty1e the Ruffian (level 3, -1/30 HPs)
             Began as a Draconian Transmuter on May 29, 2017.
             Slain by a gnoll
             ... wielding a +0 whip
              (2 damage)
             ... on level 2 of the Dungeon.
             The game lasted 00:03:54 (2516 turns).

MTVSty1e the Ruffian (Draconian Transmuter)         Turns: 2516, Time: 00:03:55

Health: -1/30      AC:  5    Str: 18    XL:     3   Next: 94%
Magic:  5/6        EV: 12    Int: 13    God:
Gold:   145        SH:  0    Dex: 11    Spells: 5/6 levels left

rFire    . . .     SeeInvis .     - Unarmed
rCold    . . .     Gourm    .   (no shield)
rNeg     . . .     Faith    .   (armour unavailable)
rPois    .         Spirit   .   (helmet restricted)
rElec    .         Reflect  .   (no cloak)
rCorr    .         Harm     .   (no gloves)
MR       .....                  (no boots)
Stlth    +.........             (no amulet)
Regen    0.1/turn               (no ring)
MPRegen  0.1/turn               (no ring)

@: mighty, appendage (expiring), flying
A: unfitting armour, horns 2, cold-blooded, AC +5
a: End Transformation


You were on level 2 of the Dungeon.
You were not hungry.
You had grown temporary horns.
You visited 1 branch of the dungeon, and saw 2 of its levels.

You collected 145 gold pieces.

Inventory:

Missiles
 a - 47 arrows
Jewellery
 i - a +5 ring of intelligence {unknown}
Scrolls
 c - a scroll of identify {unknown}
 d - a scroll of magic mapping {unknown}
 h - 2 scrolls of remove curse {unknown}
 j - a scroll of fear {unknown}
 n - a scroll of enchant weapon {unknown}
Potions
 k - a potion of resistance {unknown}
 l - a potion of lignification {unknown}
Books
 b - a book of Changes

   Spells                             Type                      Level
   a - Beastly Appendage              Transmutation                1
   b - Sticks to Snakes               Transmutation                2
   c - Spider Form                    Transmutation/Poison         3
   d - Ice Form                       Ice/Transmutation            4
   e - Blade Hands                    Transmutation                5


   Skills:
 + Level 2.8 Fighting
 - Level 1.7 Dodging
 + Level 4.1 Unarmed Combat
 - Level 2.0 Spellcasting
 - Level 2.0 Transmutations


You had 5 spell levels left.
You knew the following spells:

 Your Spells              Type           Power        Failure   Level  Hunger
a - Beastly Appendage     Tmut           #.....       11%         1    ##.....


Dungeon Overview and Level Annotations

Branches:
Dungeon (2/15)

Altars:
Gozag
Nemelex Xobeh


Innate Abilities, Weirdness & Mutations

Your plain brown scales are hard. (AC +5)
You cannot fit into any form of body armour.
You are cold-blooded and may be slowed by cold attacks.
You have a pair of horns on your head.


Message History

You hit the gnoll.
The gnoll is lightly wounded.
The gnoll hits you with a whip!
You barely miss the gnoll. The gnoll completely misses you.
The gnoll closely misses you.
You hit the gnoll but do no damage. The gnoll barely misses you. x2
You barely miss the gnoll.
Your tail-slap misses the gnoll.
The gnoll hits you with a whip. The gnoll barely misses you.
It was a potion of flight.
You feel very buoyant.
You fly up into the air.
The gnoll barely misses you.
It was a potion of curing.
You feel better.
The gnoll hits you from afar with a halberd.
The gnoll hits you with a whip!
It was a potion of might.
You feel very mighty all of a sudden.
The gnoll hits you from afar with a halberd!
* * * LOW HITPOINT WARNING * * *
The gnoll hits you with a whip.
You die...

###.##....#####..#
#.##.#### #..#
#.##.# #..# #.##.#
. #.##.# . #.##.#
# ##.##.# ##...#.#
#@###>.###.# #g#
..... #g###..###
##..g#.# ####..#
.## .# .# g#


You could see 2 gnolls.

Vanquished Creatures
  An adder (D:2)
  3 oozes
  3 dart slugs
  A leopard gecko (D:2)
  7 bats
  A giant cockroach (D:1)
  5 goblins
  4 hobgoblins
  2 jackals (D:2)
  4 kobolds
  A frilled lizard (D:1)
  5 rats
37 creatures vanquished.

Notes
Turn   | Place    | Note
-------+----------+-------------------------------------------
     0 | D:1      | MTVSty1e the Draconian Transmuter began the quest for the Orb.
     0 | D:1      | Reached XP level 1. HP: 16/16 MP: 3/3
   399 | D:1      | Reached XP level 2. HP: 24/24 MP: 3/5
   932 | D:1      | Reached XP level 3. HP: 27/30 MP: 4/6
  1784 | D:2      | Reached skill level 4 in Unarmed Combat
  2086 | D:2      | Found an opulent altar of Gozag.
  2086 | D:2      | Found a sparkling altar of Nemelex Xobeh.
  2516 | D:2      | HP: 1/30 [gnoll/halberd (11)]
  2516 | D:2      | Slain by a gnoll

Skill      XL: |  1  2  3 |
---------------+----------+-----
Fighting       | 2 |  2.8
Unarmed Combat | 4 |  4.1
Dodging        | |  1.7
Spellcasting   | |  2.0
Transmutations | |  2.0

Action                   || total
-------------------------++-------
Melee: Unarmed           ||   134
       Kick              ||    10
       Headbutt          ||     8
       Tailslap          ||    14
       Punch             ||     3
 Cast: Beastly Appendage ||    21
  Use: Potion            ||     3
  Eat: Bread ration      ||     1
       Royal jelly       ||     1
Armor: Skin              ||    46
Dodge: Dodged            ||   120
